 Dungeon Crawl Stone Soup version 0.26.1-11-gd32895ea62 (webtiles) character file.

Game seed: 10207904823390859022

2737 nothank2 the Merchant of Misery (level 9, -1/57 HPs)
             Began as a Demonspawn Necromancer on July 15, 2021.
             Was a Believer of Kikubaaqudgha.
             Slain by a black bear (4 damage)
             ... on level 7 of the Dungeon.
             The game lasted 00:30:23 (9379 turns).

nothank2 the Merchant of Misery (DsNe)              Turns: 9379, Time: 00:30:23

Health: -1/57      AC:  4    Str:  8    XL:     9   Next: 40%
Magic:  2/19       EV: 12    Int: 23    God:    Kikubaaqudgha [**....]
Gold:   425        SH:  0    Dex: 13    Spells: 10/22 levels left

rFire    x . .     SeeInvis .   p - +0 spear of Nuowadag {venom, Int+2}
rCold    + + .     Faith    .   (no shield)
rNeg     . . .     Spirit   .   a - +0 robe
rPois    .         Reflect  .   (no helmet)
rElec    .         Harm     .   n - +1 cloak
rCorr    .         Rampage  .   (no gloves)
Will     .....                  (no boots)
Stlth    ++........             (no amulet)
HPRegen  0.19/turn              f - ring of ice
MPRegen  0.16/turn              w - ring of protection from cold

@: no status effects
A: demonic guardian 2, powered by death 2
a: Renounce Religion, Receive Corpses


You were on level 7 of the Dungeon.
You worshipped Kikubaaqudgha.
Kikubaaqudgha was pleased with you.
You visited 1 branch of the dungeon, and saw 8 of its levels.
You also visited: Sewer.

You collected 425 gold pieces.

Inventory:

Hand Weapons
 b - a +0 dagger
 m - a +3 quarterstaff of chaos
 p - the +0 spear of Nuowadag (weapon) {venom, Int+2}
   (You found it on level 4 of the Dungeon)

   It poisons the flesh of those it strikes.
   It affects your intelligence (+2).
 r - a +1 morningstar of pain
Armour
 a - a +0 robe (worn)
 n - a +1 cloak (worn)
 B - the +2 leather armour of Pekhooc {Int+6, unknown}
   (You found it on level 7 of the Dungeon)

   It affects your intelligence (+6).
Jewellery
 f - a ring of ice (left hand)
 w - a ring of protection from cold (right hand)
Wands
 e - a wand of digging (5)
 D - a wand of disintegration (19)
Scrolls
 c - 7 scrolls of identify
 j - a scroll of enchant armour
 l - 2 scrolls of remove curse
 q - 4 scrolls of teleportation
 s - a scroll of blinking
 u - 2 scrolls of fear
 v - 2 scrolls of random uselessness {unknown}
 x - a scroll of enchant weapon {unknown}
 y - a scroll of amnesia {unknown}
 z - a scroll of magic mapping
 C - a scroll of immolation {unknown}
Potions
 d - 4 potions of curing
 g - 4 potions of resistance
 h - a potion of cancellation {unknown}
 i - 2 potions of degeneration {unknown}
 k - a potion of heal wounds {unknown}
 o - 2 potions of brilliance {unknown}
 t - 3 potions of magic {unknown}
 A - a potion of might


   Skills:
 - Level 1.7 Dodging
 - Level 1.7 Stealth
 + Level 7.1 Spellcasting
 * Level 12.1 Necromancy


You had 10 spell levels left.
You knew the following spells:

 Your Spells              Type           Power        Failure   Level
a - Pain                  Necr           100%         1%          1
b - Animate Dead          Necr           29%          1%          4
c - Agony                 Necr           59%          1%          5
d - Sublimation of Blood  Necr           29%          1%          2

Your spell library contained the following spells:

 Spells                   Type           Power        Failure   Level
 Animate Skeleton         Necr           100%         1%          1
 Vampiric Draining        Necr           29%          1%          3
 Corona                   Hex            8%           8%          1
 Ensorcelled Hibernation  Hex/Ice        24%          12%         2
 Confusing Touch          Hex            8%           22%         3
 Dazzling Flash           Conj/Hex       16%          22%         3
 Gell's Gravitas          Tloc           4%           22%         3
 Tukima's Dance           Hex            8%           22%         3
 Petrify                  Tmut/Erth      8%           58%         4
 Metabolic Englaciation   Hex/Ice        6%           91%         5
 Yara's Violent Unravell  Hex/Tmut       4%           91%         5


Dungeon Overview and Level Annotations

Branches:
Dungeon (8/15)             Temple (0/1) D:7           Sewer (visited)
   Lair: D:8-11

Altars:
Kikubaaqudgha
Sif Muna
Wu Jian
Xom
Yredelemnul

Shops:
D:5 :


Innate Abilities, Weirdness & Mutations

A demonic guardian rushes to your aid.
You regenerate health from kills.


Message History

Aiming: Pain (safe; 1% risk of failure)
Press: ? - help, Q - select action, (/) - cycle Shift-Dir - straight line, f/p - black bear
Aim: a black bear (almost dead, berserk, chance to affect: 84%)
The black bear barely resists.
The black bear misses you. The black bear claws you.
* * * LOW HITPOINT WARNING * * *
The black bear barely misses you. The black bear bites you.
* * * LOW HITPOINT WARNING * * *
The black bear claws you.
* * * LOW HITPOINT WARNING * * *
The black bear claws you.
* * * LOW HITPOINT WARNING * * *
The black bear closely misses you. The black bear claws you.
* * * LOW HITPOINT WARNING * * *
The black bear claws you.
* * * LOW HITPOINT WARNING * * *
The black bear closely misses you. The black bear misses you.
The black bear claws you.
You die...
Kikubaaqudgha rasps: "You have failed me!
Welcome... death!"

###### ######....#
########......##.#
.......#......##@#
.......+......##h# ########
.......#......##.### #.[....#
...#########.......# #.##########
...##### #...#.#.# #.##.......#
.......#####...#.#.###.##.#####.#
..#............#.#.#.............
###.P.P######..#.#.#.#.##......##
####.##.......#.#.#.#.#######.##


You could see a black bear (berserk).

Vanquished Creatures
  Duvessa (D:7)
  3 ice beasts
  4 sky beasts
  An ogre (D:6)
  A centaur (D:7)
  A big kobold (Sewer)
  2 bullfrogs
  Dowan (D:7)
  2 scorpions
  A howler monkey (D:6)
  A quasit (D:6)
  A centaur zombie (D:6)
  2 hounds
  A jelly (D:6)
  Crazy Yiuf (D:3)
  6 orc wizards
  Terence (D:3)
  3 worker ants
  A hound skeleton (D:8)
  3 river rats (Sewer)
  17 adders
  A howler monkey skeleton (D:7)
  2 white imps
  2 ufetubi
  3 oozes
  An adder zombie (D:6)
  8 worms
  2 dart slugs (D:1)
  2 leopard geckos
  10 orcs
  8 giant cockroaches
  6 goblins
  10 hobgoblins
  15 jackals
  5 quokkas
  7 ball pythons
  4 bats
  3 frilled lizards
  9 kobolds
  2 leopard gecko skeletons (D:4)
  11 rats
165 creatures vanquished.

Vanquished Creatures (collateral kills)
  Harold (D:7)
  An orc warrior (D:7)
  A phantom (D:7)
  A bullfrog (D:7)
  A scorpion (D:4)
  3 orc priests (D:7)
  A hound (D:7)
  A white imp (D:7)
  An orc (D:7)
11 creatures vanquished.

Vanquished Creatures (others)
  4 plants (D:7)
4 creatures vanquished.

Grand Total: 180 creatures vanquished

Notes
Turn   | Place    | Note
-------+----------+-------------------------------------------
     0 | D:1      | nothank2 the Demonspawn Necromancer began the quest for the
                  | Orb.
     0 | D:1      | Reached XP level 1. HP: 13/13 MP: 3/3
   517 | D:1      | Gained mutation: You regenerate a little health from kills.
                  | [demonic ancestry]
   517 | D:1      | Reached XP level 2. HP: 14/19 MP: 0/5
   944 | D:1      | Reached skill level 5 in Necromancy
  1354 | D:2      | Gained mutation: You regenerate health from kills. [demonic
                  | ancestry]
  1354 | D:2      | Reached XP level 3. HP: 20/24 MP: 0/6
  2308 | D:2      | Gained mutation: A weak demonic guardian rushes to your
                  | aid. [demonic ancestry]
  2308 | D:2      | Reached XP level 4. HP: 28/30 MP: 4/8
  2667 | D:3      | Noticed Terence
  2744 | D:3      | Killed Terence
  2745 | D:3      | Reached skill level 6 in Necromancy
  3273 | D:3      | Reached XP level 5. HP: 32/35 MP: 5/9
  3443 | D:3      | Found a runed translucent door.
  3444 | D:3      | Noticed Crazy Yiuf
  3451 | D:3      | Killed Crazy Yiuf
  3665 | D:4      | Found a basalt altar of Yredelemnul.
  3665 | D:4      | Found a shimmering altar of Xom.
  3724 | D:4      | Got a transparent spear
  3725 | D:4      | Identified the cursed +0 spear of Nuowadag {venom, Int+2}
                  | (You found it on level 4 of the Dungeon)
  3874 | D:4      | Reached skill level 7 in Necromancy
  3983 | D:4      | Found a glowing drain.
  3988 | D:4      | Reached XP level 6. HP: 38/41 MP: 6/11
  4012 | Sewer    | Entered a sewer
  4936 | D:5      | Entered Level 5 of the Dungeon
  5203 | D:5      | Noticed an ice beast
  5210 | D:5      | Killed an ice beast
  5211 | D:5      | Reached skill level 8 in Necromancy
  5211 | D:5      | Gained mutation: A demonic guardian rushes to your aid.
                  | [demonic ancestry]
  5211 | D:5      | Reached XP level 7. HP: 36/46 MP: 5/13
  5546 | D:5      | Found Taereog's Book Shoppe.
  5599 | D:5      | Found an ancient bone altar of Kikubaaqudgha.
  5616 | D:5      | Became a worshipper of Kikubaaqudgha
  6072 | D:6      | Learned a level 4 spell: Animate Dead
  6245 | D:6      | Found an ornate altar of the Wu Jian Council.
  6293 | D:6      | Reached skill level 5 in Spellcasting
  6293 | D:6      | Reached skill level 9 in Necromancy
  6488 | D:6      | Reached XP level 8. HP: 35/52 MP: 3/15
  6990 | D:7      | Learned a level 5 spell: Agony
  7042 | D:7      | Reached * piety under Kikubaaqudgha
  7042 | D:7      | Identified Kikubaaqudgha's Volume of Black Rites
                  | (Kikubaaqudgha gifted it to you on level 7 of the Dungeon)
  7042 | D:7      | Received a gift from Kikubaaqudgha
  7043 | D:7      | Reached skill level 10 in Necromancy
  7172 | D:7      | Learned a level 2 spell: Sublimation of Blood
  7249 | D:7      | Found a staircase to the Ecumenical Temple.
  7276 | D:7      | Got a heavily runed leather armour
  7355 | D:7      | HP: 2/52 [phantom (8)]
  7784 | D:7      | Reached skill level 11 in Necromancy
  8342 | D:7      | Reached XP level 9. HP: 45/57 MP: 7/18
  8468 | D:7      | Noticed Duvessa
  8468 | D:7      | Noticed Dowan
  8484 | D:7      | Killed Duvessa
  8486 | D:7      | Killed Dowan
  8607 | D:7      | Noticed Harold
  8617 | D:7      | Killed Harold
  8698 | D:7      | Reached ** piety under Kikubaaqudgha
  8920 | D:7      | Found a shimmering blue altar of Sif Muna.
  8930 | D:7      | Reached skill level 12 in Necromancy
  9379 | D:7      | Slain by a black bear

Illustrated notes

Levels and vault maps discovered:
D:1:      wander_arrival_chamber, layout_loops_cross, st_stairs_3
D:2:      layout_loops_cross, serial_forest, infiniplex_forest_clump_tiny,
          infiniplex_forest_clump_C, infiniplex_forest_end_2,
          infiniplex_forest_clump_diagonal, infiniplex_forest_clump_diagonal,
          infiniplex_forest_fountain, infiniplex_forest_clump_tiny,
          infiniplex_forest_zigzag_2, infiniplex_forest_straight_1,
          kennysheep_generic_room_2
D:3:      layout_rooms, uniq_terence, uniq_crazy_yiuf_cottage
D:4:      layout_rooms, gammafunk_temple_overflow_pools, portal_sewer_entry_a
D:5:      layout_cave_pools, serial_shops, shop, amcnicky_altar_gilded
D:6:      layout_gridville, nzn_wu_jian_contemplation
D:7:      layout_basic, led_sif_book, minmay_temple_entry_gardened_gates,
          grunt_ministairs_6, uniq_duvessa, uniq_harold
D:8:      layout_rooms, nicolae_overflow_hidden_temple,
          minmay_misc_feat_nine_boxes, grunt_dithmenos_smoke, uniq_joseph,
          uniq_pikel, uniq_gastronok

Skill      XL: |  1  2  3  4  5  6  7  8  9 |
---------------+----------------------------+-----
Necromancy     | 5 6 7 8 9 11 12 | 12.1
Spellcasting   | 3 4 5 6 7 |  7.1
Dodging        | |  1.7
Stealth        | |  1.7

Action                   |  1- 3 |  4- 6 |  7- 9 || total
-------------------------+-------+-------+-------++-------
Melee: Dagger            |    28 |       |       ||    28
       Unarmed           |     7 |       |       ||     7
       Spear             |       |    33 |   161 ||   194
       Quarterstaff      |       |     1 |       ||     1
 Cast: Pain              |    75 |   150 |   189 ||   414
       Animate Dead      |       |       |     6 ||     6
       Agony             |       |       |     3 ||     3
Invok: Receive Corpses   |       |       |     1 ||     1
  Use: Scroll            |     4 |     7 |       ||    11
       Potion            |       |       |     2 ||     2
 Stab: Sleeping          |       |     1 |     2 ||     3
Armor: Robe              |    10 |     3 |   104 ||   117
Dodge: Dodged            |    25 |    37 |   202 ||   264
